 Dungeon Crawl Stone Soup version 0.30.0-29-ga12c61a403 (webtiles) character file.

Game seed: 17509176206794159078

118 Graphine the Trooper (level 4, 0/35 HPs)
             Began as a Demonspawn Monk on June 21, 2023.
             Was a Priest of Okawaru.
             Slain by Edmund
             ... wielding a +2 flail of protection
              (11 damage)
             ... on level 4 of the Dungeon.
             The game lasted 00:07:01 (2897 turns).

Graphine the Trooper (Demonspawn Monk)              Turns: 2897, Time: 00:07:02

Health: 0/35       AC:  3    Str: 14    XL:     4   Next: 72%
Magic:  4/5        EV: 13    Int: 11    God:    Okawaru [***...]
Gold:   154        SH:  0    Dex: 15    Spells: 1/4 levels left

rFire   . .          .
                       - Unarmed
rCold   . . .        (no shield)
rNeg    . . .        b - +1 robe
rPois   .            (helmet currently unavailable)
rElec   .            (no cloak)
rCorr   .            (no gloves)
SInv    .            (boots currently unavailable)
Will    .....        (no amulet)
Stlth   +            (no ring)
HPRegen 0.25/turn    (no ring)
MPRegen 0.09/turn

%: no passive effects
@: confused, appendages (expiring), ambrosia-drunk, very slightly contaminated,
hasted, very quick
A: horns 2, talons 2, demonic touch 2
a: End Transformation, Renounce Religion, Heroism


You were on level 4 of the Dungeon.
You worshipped Okawaru.
Okawaru was most pleased with you.
You had temporarily grown beastly horns and talons.
You visited 1 branch of the dungeon, and saw 4 of its levels.

You collected 154 gold pieces.

Inventory:

Hand Weapons
 a - a +0 falchion
Armour
 b - a +1 robe (worn)
 d - an orb of light
Scrolls
 e - a scroll of acquirement {unknown}
 g - 2 scrolls of teleportation {unknown}
 k - a scroll of identify
 n - a scroll of noise {unknown}
Potions
 f - 2 potions of curing
 h - a potion of lignification
 i - a potion of might {unknown}
 j - 2 potions of magic {unknown}
 l - a potion of haste
 m - a potion of invisibility {unknown}
 o - a potion of flight {unknown}


   Skills:
 + Level 3.5 Fighting
 - Level 2.8 Long Blades
 + Level 1.4 Throwing
 + Level 3.1 Dodging
 + Level 1.2 Unarmed Combat
 + Level 0.7 Spellcasting
 + Level 0.6 Transmutations
 + Level 1.9 Invocations


You had one spell level left.
You knew the following spells:

 Your Spells              Type           Power      Damage    Failure   Level
a - Beastly Appendage     Tmut           2%         N/A       26%         1
b - Wereblood             Tmut           1%         N/A       36%         2

Your spell library contained the following spells:

 Spells                   Type           Power      Damage    Failure   Level
 Spider Form              Tmut/Pois      1%         N/A       65%         3
 Ozocubu's Armour         Ice            0%         N/A       69%         3
 Portal Projectile        Hex/Tloc       0%         N/A       69%         3
 Olgreb's Toxic Radiance  Pois           0%         N/A       97%         4
 Blade Hands              Tmut           0%         N/A       100%        5
 Metabolic Englaciation   Hex/Ice        0%         N/A       100%        5
 Discord                  Hex            0%         N/A       100%        8
 Ignition                 Fire           0%         3d3       100%        8
 Tukima's Dance           Hex            Unusable   N/A       N/A         3
 Simulacrum               Ice/Necr       Unusable   N/A       N/A         6

Dungeon Overview and Level Annotations

Branches:
Dungeon (4/15)             Temple (0/1) D:4

Altars:
Makhleb
Okawaru

Shops:
D:1 *

Annotations:
D:4 Edmund


Innate Abilities, Weirdness & Mutations

You have temporarily grown beastly horns and talons.
Your touch may inflict irresistible damage on your foes.


Message History

No target in view!
Found a stone staircase leading up.
An endoplasm comes into view.
Casting: Beastly Appendage (safe; 26% risk of failure)
Confirm with . or Enter, or press ? or * to list all spells.
You miscast Beastly Appendage.
You are very lightly contaminated with residual magic.
Nothing appears to happen.
Edmund the Younger comes into view.
He is wielding a +2 flail of protection and wearing a +1 leather armour of cold resistance.
You hit Edmund but do no damage.
Edmund hits you with a +2 flail of protection.
You hit Edmund but do no damage.
Edmund hits you with a +2 flail of protection.
You barely miss Edmund. Edmund closely misses you.
Casting: Beastly Appendage (safe; 26% risk of failure)
Confirm with . or Enter, or press ? or * to list all spells.
You miscast Beastly Appendage.
Nothing appears to happen.
Edmund hits you with a +2 flail of protection!
Casting: Beastly Appendage (safe; 26% risk of failure)
Confirm with . or Enter, or press ? or * to list all spells.
You miscast Beastly Appendage.
Nothing appears to happen.
Edmund says, "I might not be good at magic, but I can still kill you!"
Edmund hits you with a +2 flail of protection.
Casting: Beastly Appendage (safe; 26% risk of failure)
Confirm with . or Enter, or press ? or * to list all spells.
You miscast Beastly Appendage.
Nothing appears to happen.
The endoplasm quivers.
Edmund closely misses you.
You feel better. Edmund barely misses you.
You feel yourself speed up. Edmund closely misses you.
Casting: Beastly Appendage (safe; 26% risk of failure)
Confirm with . or Enter, or press ? or * to list all spells.
You grow a pair of large bovine horns.
Your feet morph into talons.
Edmund hits you with a +2 flail of protection!
* * * LOW HITPOINT WARNING * * *
You hit Edmund but do no damage. You claw Edmund, but do no damage.
You are confused.
You feel invigorated.
Edmund hits you with a +2 flail of protection!
You die...

#..#..#..#..# #..#
............# ##.#
...........># #..##
............###...##
#..#..#..#..##.....#
............##.....#
##############..J..##
#..# #.@..<.## ##.#
#@....# #.##
#########.....## #
#..###..............#
###..............#.....#
##..################....
...## .... ..## ... .##
.. ##


You could see Edmund and an endoplasm.

Vanquished Creatures
  3 adders
  A shadow imp (D:4)
  An ufetubus (D:4)
  A worm (D:3)
  A dart slug (D:3)
  3 orcs (D:3)
  3 bats (D:1)
  5 endoplasms
  4 giant cockroaches
  8 hobgoblins
  3 jackals (D:2)
  4 quokkas
  11 ball pythons
  2 frilled lizards (D:3)
  6 goblins
  8 kobolds
  4 rats
68 creatures vanquished.

Notes
Turn   | Place    | Note
-------+----------+-------------------------------------------
     0 | D:1      | Graphine the Demonspawn Monk began the quest for the Orb.
     0 | D:1      | Reached XP level 1. HP: 18/18 MP: 1/1
   131 | D:1      | Found a faded altar of an unknown god.
   144 | D:1      | Prayed at the altar of an unknown god.
   144 | D:1      | Became a worshipper of Warmaster Okawaru
   144 | D:1      | Reached * piety under Okawaru
   144 | D:1      | Reached ** piety under Okawaru
   177 | D:1      | Found Kouvvab's Assorted Antiques.
   211 | D:1      | Gained mutation: Your touch may inflict minor irresistible
                  | damage on your foes. [demonic ancestry]
   211 | D:1      | Reached XP level 2. HP: 24/24 MP: 2/2
   434 | D:1      | Reached skill level 1 in Invocations
   831 | D:2      | Found a burning altar of Makhleb.
   844 | D:2      | Reached XP level 3. HP: 20/29 MP: 3/3
   901 | D:2      | Learned a level 1 spell: Beastly Appendage
  1331 | D:2      | Reached skill level 1 in Unarmed Combat
  1838 | D:3      | Reached skill level 1 in Throwing
  2128 | D:3      | Gained mutation: Your touch may inflict irresistible damage
                  | on your foes. [demonic ancestry]
  2128 | D:3      | Reached XP level 4. HP: 34/35 MP: 3/5
  2189 | D:3      | Learned a level 2 spell: Wereblood
  2804 | D:4      | Reached *** piety under Okawaru
  2838 | D:4      | Found a staircase to the Ecumenical Temple.
  2886 | D:4      | Noticed Edmund
  2897 | D:4      | Slain by Edmund

Illustrated notes

Levels and vault maps discovered:
D:1:      dpeg_arrival_arbitrary_b, layout_basic, serial_shops,
          nicolae_shop_temple_entry_statues_fountains,
          dreamdust_ecumenical_altar_grove
D:2:      layout_basic, basic_altar, minmay_misc_feat_ornament,
          chequers_serial_rivers_room_a
D:3:      layout_rooms
D:4:      layout_cave_pods, temple_hall, serial_bayou, serial_bayou_pond_e,
          serial_bayou_lagoon_a, serial_bayou_pond_b, serial_bayou_shore_a,
          uniq_edmund

Skill      XL: |  1  2  3 |
---------------+----------+-----
Invocations    | 1 |  1.9
Dodging        | 3 |  3.1
Unarmed Combat | 1 |  1.2
Throwing       | 1 |  1.4
Fighting       | |  3.5
Long Blades    | |  2.8
Spellcasting   | |  0.7
Transmutations | |  0.6

Action                     |  1- 3 |  4- 6 || total
---------------------------+-------+-------++-------
  Melee: Falchion          |    52 |       ||    52
         Touch             |    11 |     4 ||    15
         Punch             |     1 |       ||     1
         Unarmed           |    71 |    50 ||   121
         Kick              |    14 |    12 ||    26
         Headbutt          |    10 |     8 ||    18
   Cast: Beastly Appendage |    15 |    13 ||    28
         Wereblood         |       |     1 ||     1
    Use: Scroll            |     6 |     1 ||     7
         Potion            |       |     3 ||     3
   Stab: Sleeping          |     1 |       ||     1
 Armour: Robe              |    23 |    10 ||    33
  Dodge: Dodged            |    89 |    33 ||   122
